 Dungeon Crawl Stone Soup version 0.29.0-10-g45618ea6d2 (webtiles) character file.

Game seed: 6545981949196918138

1547 greasedhog the Spear-Bearer (level 9, -7/68 HPs)
             Began as a Formicid Cinder Acolyte on Sept 1, 2022.
             Was an Initiate of Okawaru.
             Mangled by a fire elemental (11 damage)
             ... created by the fiery vengeance of Ignis
             ... on level 6 of the Dungeon.
             The game lasted 00:11:25 (7484 turns).

greasedhog the Spear-Bearer (FoCA)                  Turns: 7484, Time: 00:11:25

Health: -7/68      AC:  5    Str: 19 (22) XL:     9   Next: 11%
Magic:  0/10       EV: 10    Int: 13 (15) God:    Okawaru [......]
Gold:   285        SH:  9    Dex:  7 (9)  Spells: 10/10 levels left

rFire   . . .      SeeInvis +   a - +0 spear (flame)
rCold   + . .      Faith    .   k - +0 kite shield
rNeg    . . .      Spirit   +   s - +1 leather armour {rF+}
rPois   .          Reflect  .   (helmet unavailable)
rElec   .          Harm     .   v - +0 cloak
rCorr   .          Rampage  .   (no gloves)
Will    .....                   (no boots)
Stlth   +.........              b - amulet of guardian spirit
HPRegen 0.21/turn               g - ring of protection from cold
MPRegen 0.12/turn               (no ring)

@: brilliant, fire susceptible
A: permanent stasis, dig shafts and tunnels, antennae 3, four strong arms
a: Dig, Shaft Self, Renounce Religion


You were on level 6 of the Dungeon.
You worshipped Okawaru.
Okawaru was noncommittal.
You visited 2 branches of the dungeon, and saw 7 of its levels.

You collected 285 gold pieces.

Inventory:

Hand Weapons
 a - a +0 spear of flaming (weapon)
Armour
 k - a +0 kite shield (worn)
 n - a +0 tower shield
 s - a +1 leather armour of fire resistance (worn)
 v - a +0 cloak (worn)
Jewellery
 b - an amulet of guardian spirit (around neck)
 g - a ring of protection from cold (left hand)
Wands
 o - a wand of flame (9)
 t - a wand of polymorph (6)
Scrolls
 e - a scroll of immolation
 m - a scroll of fog
 q - a scroll of fear
 w - 2 scrolls of noise {unknown}
 y - a scroll of silence {unknown}
Potions
 c - 2 potions of attraction
 d - a potion of ambrosia
 i - a potion of might {unknown}
 j - a potion of cancellation {unknown}
 l - a potion of berserk rage {unknown}
 p - a potion of mutation {unknown}


   Skills:
 - Level 5.0 Fighting
 * Level 8.2 Polearms
 * Level 2.6 Armour
 - Level 8.0 Shields
 - Level 1.1 Spellcasting
 - Level 3.0 Fire Magic


You had 10 spell levels left.
You didn't know any spells.
Your spell library contained the following spells:

 Spells                   Type           Power      Damage    Failure   Level
 Scorch                   Fire           24%        2d6       28%         2
 Sublimation of Blood     Necr           1%         N/A       69%         2
 Wereblood                Tmut           1%         N/A       69%         2
 Conjure Flame            Conj/Fire      6%         6-21      71%         3
 Ignite Poison            Fire/Tmut/Pois 4%         N/A       78%         3
 Sticky Flame             Conj/Fire      6%         2d3       98%         4
 Summon Hydra             Summ           Unusable   N/A       N/A         7

Dungeon Overview and Level Annotations

Branches:
Dungeon (6/15)             Temple (1/1) D:5

Altars:
Ashenzari
Cheibriados
Dithmenos
Gozag
Hepliaklqana
Kikubaaqudgha
Makhleb
Nemelex Xobeh
Okawaru
Qazlal
Ru
Sif Muna
Trog
Vehumet
Wu Jian
Xom
Yredelemnul
Zin

Annotations:
D:3 3 runed translucent doors, videwesjr's ghost, amateur MiFi
D:6 Prince Ribbit


Innate Abilities, Weirdness & Mutations

You cannot be hasted, slowed, berserked, paralysed or teleported.
You can dig through walls and to a lower floor.
You have a pair of large antennae on your head. (SInv)
Your four strong arms can wield two-handed weapons with a shield.


Message History

It was a potion of haste.
Your stasis prevents you from being hasted.
The fire elemental hits you. The fire elemental burns you!
The fire elemental hits you. The fire elemental burns you!
You hit the fire elemental but do no damage.
You block the fire elemental's attack. x2
It was a potion of curing.
You feel better. The fire elemental barely misses you.
You block the fire elemental's attack. The fire elemental hits you.
The fire elemental burns you! The fire elemental hits you.
The fire elemental burns you! You block the fire elemental's attack.
You closely miss the fire elemental. You block the fire elemental's attack.
The fire elemental barely misses you.
Okay, then.
You miss the fire elemental. The fire elemental misses you.
The fire elemental hits you. The fire elemental burns you!
Okay, then.
As you read the scroll labelled TOHEQI FUIN, it crumbles to dust.
The air around you briefly surges with heat, but it dissipates.
It was a scroll of immolation.
You block the fire elemental's attack. The fire elemental hits you.
The fire elemental burns you!
* * * LOW HITPOINT WARNING * * *
The fire elemental hits you.
* * * LOW HITPOINT WARNING * * *
The fire elemental burns you!
* * * LOW HITPOINT WARNING * * *
You feel much better. The fire elemental hits you.
The fire elemental burns you! The fire elemental hits you.
The fire elemental burns you!
* * * LOW HITPOINT WARNING * * *
It was a potion of degeneration.
There was something very wrong with that liquid.
You feel weakened.
You feel dopey.
You feel clumsy. You block the fire elemental's attack.
The fire elemental closely misses you.
It was a potion of brilliance.
You feel clever all of a sudden. The fire elemental hits you.
The fire elemental burns you!
* * * LOW HITPOINT WARNING * * *
The fire elemental hits you. The fire elemental burns you!
You die...

##....##........
#...............#. #
##.................
...#...#.............#
#.....#...)..........
#....#...<............
###..#...............#
......#(............#
....#.......@E......##
..#..#......##E○##..... .
##..#.....##°....###.
...#....☼###........
....#..°°###........
#.............○○☼........
##..........#..°°.........
............####..........
............#. ##.#.......


You could see 2 fire elementals.

Vanquished Creatures
  Menkaure (D:4)
  A water moccasin (D:5)
  An ice beast (D:5)
  3 phantoms
  2 bullfrogs
  A necrophage (D:4)
  A scorpion (D:5)
  Dowan (D:5)
  A howler monkey (D:5)
  2 hounds
  An orc priest (D:6)
  Natasha (thrice) (D:4)
  2 iguanas (D:5)
  An orc wizard (D:5)
  12 adders
  2 gnolls (D:5)
  A white imp (D:5)
  An ufetubus (D:4)
  2 worms
  5 dart slugs
  16 orcs
  8 ball pythons
  9 endoplasms
  5 giant cockroaches
  4 goblins
  5 hobgoblins
  5 jackals (D:1)
  3 quokkas
  4 bats
  6 frilled lizards
  8 kobolds
  13 rats
130 creatures vanquished.

Vanquished Creatures (collateral kills)
  Duvessa (D:5)
  A necrophage (D:5)
2 creatures vanquished.

Vanquished Creatures (others)
  2 plants (D:1)
2 creatures vanquished.

Grand Total: 134 creatures vanquished

Notes
Turn   | Place    | Note
-------+----------+-------------------------------------------
     0 | D:1      | greasedhog the Formicid Cinder Acolyte began the quest for
                  | the Orb.
     0 | D:1      | Reached XP level 1. HP: 18/18 MP: 2/2
    50 | D:1      | Reached XP level 2. HP: 7/24 MP: 3/3
   709 | D:1      | Reached XP level 3. HP: 27/30 MP: 4/4
  1593 | D:2      | Reached XP level 4. HP: 37/37 MP: 5/5
  2150 | D:2      | Reached XP level 5. HP: 38/43 MP: 6/6
  2815 | D:3      | Reached skill level 5 in Fighting
  2819 | D:3      | Found a runed translucent gate.
  2821 | D:3      | Noticed a kobold brigand
  2821 | D:3      | Found a runed translucent gate.
  2821 | D:3      | Noticed videwesjr's ghost (amateur MiFi)
  2822 | D:3      | Found a runed translucent gate.
  3018 | D:3      | Reached skill level 1 in Shields
  3470 | D:4      | Noticed a phantom
  3492 | D:3      | Killed a phantom
  3493 | D:3      | Reached skill level 5 in Polearms
  3493 | D:3      | Reached XP level 6. HP: 42/51 MP: 5/7
  3576 | D:3      | Reached XP level 7. HP: 8/56 MP: 1/8
  3943 | D:4      | Noticed Natasha
  3948 | D:4      | Killed Natasha
  4306 | D:4      | Noticed Natasha
  4323 | D:4      | Killed Natasha
  4324 | D:4      | Reached skill level 5 in Shields
  4326 | D:4      | Noticed Natasha
  4342 | D:4      | Killed Natasha
  4445 | D:4      | Noticed Menkaure
  4452 | D:4      | Killed Menkaure
  4712 | D:5      | Entered Level 5 of the Dungeon
  4734 | D:5      | Found a bloodstained altar of Trog.
  4746 | D:5      | Reached XP level 8. HP: 48/62 MP: 2/9
  4779 | D:5      | Noticed Duvessa
  4784 | D:5      | Noticed Dowan
  4789 | D:5      | Killed Duvessa
  4813 | D:5      | Killed Dowan
  4819 | D:5      | Noticed Edmund
  4823 | D:5      | Noticed Edmund
  4823 | D:5      | Edmund changed into Edmund the worm
  4828 | D:5      | Killed Edmund the worm
  5341 | D:5      | Found a staircase to the Ecumenical Temple.
  5376 | Temple   | Entered the Ecumenical Temple
  5730 | Temple   | Fell from the grace of Ignis
  5730 | Temple   | Became a worshipper of Warmaster Okawaru
  5894 | D:5      | Found a shimmering blue altar of Sif Muna.
  5894 | D:5      | Found an ancient bone altar of Kikubaaqudgha.
  5902 | D:5      | Found a faded altar of an unknown god.
  5904 | D:5      | Found a shimmering altar of Xom.
  5906 | D:5      | Found a shadowy altar of Dithmenos.
  6108 | D:5      | Found a snail-covered altar of Cheibriados.
  6393 | D:6      | Noticed Prince Ribbit
  7201 | D:5      | Reached skill level 1 in Armour
  7298 | D:5      | Reached XP level 9. HP: 43/68 MP: 6/10
  7484 | D:6      | Mangled by a fire elemental

Illustrated notes

Levels and vault maps discovered:
D:1:      lightli_arrival_farm, layout_loops_ring,
          corexii_item_surrounded_by_moat, serial_bayou_pond_c, minmay_ruptured
D:2:      minmay_door_path, layout_loops_ring, grunt_ministairs_6,
          minmay_pentomino_v2
D:3:      layout_rooms, gammafunk_ghost_nasty_kobolds, minmay_misc_feat_iff
D:4:      layout_rooms, uniq_natasha, uniq_menkaure
D:5:      layout_basic, overflow_temple_1_default,
          chequers_temple_overflow_minitemple, trog_antimagical, temple_green,
          uniq_edmund, uniq_duvessa
D:6:      layout_cave_pools, marbit_many_paths, mainiacjoe_overflow_boulevard,
          kennysheep_small_square, uniq_prince_ribbit1
Temple:   minmay_temple_forest_path

Skill      XL: |  1  2  3  4  5  6  7  8  9 |
---------------+----------------------------+-----
Fighting       | 4 5 |  5.0
Polearms       | 4 5 6 8 |  8.2
Shields        | 3 5 8 |  8.0
Armour         | 1 2 |  2.6
Spellcasting   | |  1.1
Fire Magic     | |  3.0

Action                   |  1- 3 |  4- 6 |  7- 9 || total
-------------------------+-------+-------+-------++-------
Melee: Spear             |   111 |   263 |   329 ||   703
       Punch             |       |     1 |       ||     1
Invok: Fiery Armour      |       |       |     1 ||     1
Evoke: Wand              |       |       |     7 ||     7
  Use: Scroll            |     1 |     5 |     5 ||    11
       Potion            |       |       |     7 ||     7
Armor: Robe              |    17 |       |       ||    17
       Scale mail        |    15 |    94 |     8 ||   117
       Leather armour    |       |       |    43 ||    43
Dodge: Dodged            |    59 |    94 |    97 ||   250
Block: Kite shield       |       |    47 |   119 ||   166
